 Dungeon Crawl Stone Soup version 0.25.1-9-gc5326a611f (webtiles) character file.

Game seed: 9258346737447699332

60898 Eitelfritz the Fencer (level 14, -1/133 HPs)
             Began as a Minotaur Gladiator on Jan 1, 2021.
             Was the Champion of Okawaru.
             Slain by Jorgrun
             ... wielding a +0 flail
              (12 damage)
             ... on level 14 of the Dungeon.
             The game lasted 01:11:20 (24305 turns).

Eitelfritz the Fencer (Minotaur Gladiator)         Turns: 24305, Time: 01:11:20

Health: -1/133     AC: 26    Str: 19    XL:     14   Next: 58%
Magic:  17/17      EV: 18    Int:  9    God:    Okawaru [******]
Gold:   313        SH: 14    Dex: 13    Spells: 13/13 levels left

rFire    + . .     SeeInvis .   a - +3 Maxwell's thermic engine {flame, freeze}
rCold    + . .     Gourm    .   m - +3 buckler {AC+3}
rNeg     + . .     Faith    .   r - +1 plate armour {MR+}
rPois    +         Spirit   .   c - +2 hat
rElec    .         Reflect  +   K - scarf {rC+ rF+}
rCorr    .         Harm     .   U - +0 pair of gloves of Tempters {rN+}
MR       ++...                  (no boots)
Stlth    ..........             i - amulet of reflection
HPRegen  0.32/turn              Y - ring of poison resistance
MPRegen  0.15/turn              G - ring of Phasing {EV+8}

@: heroism, grasped by roots, constricted
A: retaliatory headbutt, horns 2
a: Heroism, Finesse, Renounce Religion


You were on level 14 of the Dungeon.
You worshipped Okawaru.
Okawaru was exalted by your worship.
You were not hungry.

You visited 3 branches of the dungeon, and saw 21 of its levels.
You also visited: Bailey.

You collected 1967 gold pieces.
You spent 1654 gold pieces at shops.

Inventory:

Hand Weapons
 a - the +3 Maxwell's thermic engine (weapon) {flame, freeze}
   (You bought it in a shop on level 11 of the Dungeon)

   It has been specially enchanted to burn those struck by it, causing extra
   injury to most foes and up to half again as much damage against particularly
   susceptible opponents.
   Big, fiery blades are also staple armaments of hydra-hunters.
   It has been specially enchanted to freeze those struck by it, causing extra
   injury to most foes and up to half again as much damage against particularly
   susceptible opponents.
 t - a +8 longbow of flaming
 x - the +5 long sword of Certain Death {vorpal, +Fly Dex+2 Stlth+}
   (You found it on level 4 of the Lair of Beasts)

   It inflicts extra damage upon your enemies.
   It affects your dexterity (+2).
   It lets you fly.
   It makes you more stealthy.
Missiles
 d - 3 throwing nets
 g - 18 javelins (quivered)
 s - 3 silver javelins
 M - 165 arrows
Armour
 c - a +2 hat (worn)
 m - a +3 buckler of protection (worn)
 r - a +1 plate armour of magic resistance (worn)
 K - a scarf of resistance (worn)
 U - the +0 pair of gloves of Tempters (worn) {rN+}
   (Okawaru gifted it to you on level 1 of the Lair of Beasts)

   It protects you from negative energy.
Jewellery
 i - an amulet of reflection (around neck)
 v - an uncursed ring of stealth
 y - an uncursed ring of resist corrosion
 G - the ring of Phasing (right hand) {EV+8}
   (You found it on level 12 of the Dungeon)

   [ring of evasion]

   It affects your evasion (+8).
 J - an uncursed ring of protection from cold
 N - an uncursed ring of positive energy
 S - an uncursed ring of protection from fire
 X - the ring "Eranot" {Int+6 SInv}
   (You found it on level 6 of the Dungeon)

   [ring of intelligence]

   It affects your intelligence (+6).
   It lets you see invisible.
 Y - a ring of poison resistance (left hand)
Wands
 q - a wand of acid (6)
 C - a wand of paralysis (4)
 E - a wand of enslavement (8)
 P - a wand of polymorph (27)
 R - a wand of iceblast (8)
 V - a wand of flame (6)
 W - a wand of random effects (25)
Scrolls
 j - 2 scrolls of brand weapon
 k - 6 scrolls of teleportation
 l - 10 scrolls of remove curse
 o - 6 scrolls of fog
 p - 2 scrolls of blinking
 I - 2 scrolls of magic mapping
 L - a scroll of torment {unknown}
 O - 2 scrolls of vulnerability
 T - 3 scrolls of fear
 Z - a scroll of identify
Potions
 b - 2 potions of cancellation
 e - 3 potions of curing
 h - 3 potions of heal wounds
 n - 5 potions of brilliance
 w - 2 potions of stabbing
 A - a potion of mutation {unknown}
 B - 4 potions of berserk rage
 D - 3 potions of invisibility
 F - 2 potions of haste
 H - 5 potions of flight
 Q - 2 potions of resistance
Comestibles
 f - 35 rations
 z - 8 chunks of flesh


   Skills:
 + Level 14.5(19.5) Fighting
 + Level 17.9(22.9) Long Blades
 + Level 3.4(8.4) Throwing
 + Level 15.0(20.0) Armour
 + Level 7.7(12.7) Dodging
 + Level 2.3(7.3) Stealth
 + Level 4.4(9.4) Shields
 + Level 6.0 Invocations


You had 13 spell levels left.
You didn't know any spells.
Your spell library contained the following spells:

 Spells                   Type           Power        Failure   Level  Hunger
 Apportation              Tloc           #.....       98%         1    ##.....
 Beastly Appendage        Tmut           #.....       98%         1    ##.....
 Freeze                   Ice            #...         98%         1    ##.....
 Summon Butterflies       Summ           #.......     98%         1    ##.....
 Blink                    Tloc           N/A          99%         2    ###....
 Poisonous Vapours        Pois/Air       #.....       99%         2    ###....
 Shroud of Golubria       Chrm/Tloc      #.....       99%         2    ###....
 Sticks to Snakes         Tmut           #.......     99%         2    ###....
 Call Canine Familiar     Summ           #.......     100%        3    ####...
 Conjure Flame            Conj/Fire      #.......     100%        3    ####...
 Frozen Ramparts          Ice            #.....       100%        3    ####...
 Gell's Gravitas          Tloc           #.........   100%        3    ####...
 Lesser Beckoning         Tloc           #.........   100%        3    ####...
 Mephitic Cloud           Conj/Pois/Air  #.......     100%        3    ####...
 Ozocubu's Armour         Chrm/Ice       #.......     100%        3    ####...
 Spider Form              Tmut/Pois      #.........   100%        3    ####...
 Teleport Other           Tloc           #.......     100%        3    ####...
 Tukima's Dance           Hex            #.......     100%        3    ####...
 Hailstorm                Conj/Ice       #.......     100%        4    #####..
 Ice Form                 Ice/Tmut       #.......     100%        4    #####..
 Passage of Golubria      Tloc           N/A          100%        4    #####..
 Summon Ice Beast         Ice/Summ       #.......     100%        4    #####..
 Alistair's Intoxication  Tmut/Pois      #.......     100%        5    ######.
 Blade Hands              Tmut           #.........   100%        5    ######.
 Bolt of Magma            Conj/Fire/Erth #.........   100%        5    ######.
 Iskenderun's Battlesphe  Conj/Chrm      #.......     100%        5    ######.
 Summon Mana Viper        Hex/Summ       #.......     100%        5    ######.
 Freezing Cloud           Conj/Ice/Air   #.........   100%        6    #######
 Invisibility             Hex            #.......     100%        6    #######
 Iron Shot                Conj/Erth      #.........   100%        6    #######
 Orb of Destruction       Conj           #.........   100%        7    #######
 Ring of Flames           Chrm/Fire      #.........   100%        7    #######
 Spellforged Servitor     Conj/Summ      #.........   100%        7    #######
 Summon Hydra             Summ           #.........   100%        7    #######


Dungeon Overview and Level Annotations

Branches:
Dungeon (14/15)            Temple (1/1) D:5            Lair (6/6) D:11
 Shoals (0/4) Lair:2        Snake (0/4) Lair:3        Slime (0/5) Lair:6
    Orc (0/2) D:11         Vaults (0/5) D:13         Bailey (visited)

Altars:
Ashenzari
Cheibriados
Dithmenos
Elyvilon
Fedhas
Gozag
Hepliaklqana
Kikubaaqudgha
Makhleb
Nemelex Xobeh
Okawaru
Qazlal
Ru
Sif Muna
Trog
Uskayaw
Vehumet
Wu Jian
Xom
Yredelemnul
Zin
The Shining One
Beogh
Jiyva

Shops:
D:9 *   D:11 =*   D:12 }   D:14 :

Portals:
Trove: D:11 (give 2 scrolls of acquirement)

Annotations:
D:14 Jorgrun
Lair:2 2 transporters, Reosoewu's ghost, journeyman GrFi


Innate Abilities, Weirdness & Mutations

You reflexively headbutt those who attack you in melee.
You have a pair of horns on your head.


Message History

The grasping roots constrict you. Jorgrun hits you but does no damage.
* * * LOW HITPOINT WARNING * * *
The grasping roots constrict you!
You barely miss Jorgrun.
Jorgrun is severely wounded.
You slice Jorgrun!! You burn Jorgrun. You freeze Jorgrun.
Jorgrun is almost dead.
You block Jorgrun's attack. The grasping roots constrict you.
Unknown command.
You hit Jorgrun. You burn Jorgrun. You freeze Jorgrun.
Jorgrun is almost dead.
Jorgrun casts a spell at you.
You easily resist.
* * * LOW HITPOINT WARNING * * *
The grasping roots constrict you.
Unknown command.
You barely miss Jorgrun.
Jorgrun is almost dead.
Jorgrun hits you with a +0 flail!
You die...

##.#..# ##.##.####.#
...#. ...>.......#
##.... ##.##..#####
#.... ##.##...# #...# #
#.###..########...#.#
#...................#.#
######....#####.......#
#.........@g.....#
###....######%..#.#
#.....÷# ..# #.#....#
## #.#....# # #...... #
###...H# # ....... #
#○####.


You could see Jorgrun (fast).

Vanquished Creatures
  Nessos (D:13)
  2 dire elephants (Lair:6)
  An ettin (D:13)
  A fire dragon (D:13)
  5 hydras
  A death knight (D:12)
  4 two-headed ogres
  A catoblepas (Lair:6)
  6 death yaks
  A deep elf knight (Bailey)
  An iron troll (D:13)
  Sonja (Lair:1)
  An unseen horror (D:13)
  A phantasmal warrior (D:12)
  A lindwurm (Lair:6)
  12 deep elf magi (Bailey)
  14 ugly things
  A manticore (D:12)
  2 elephants (Lair:6)
  4 black mambas
  A centaur zombie (D:12)
  Maggie (D:8)
  13 spiny frogs
  6 komodo dragons
  5 rime drakes
  3 freezing wraiths
  2 efreet (D:14)
  A queen bee (shapeshifter) (D:14)
  A queen bee (Lair:3)
  3 trolls
  A hornet (D:10)
  10 blink frogs
  2 meliai zombies (D:14)
  Prince Ribbit (D:6)
  4 slime creatures (D:12)
  7 hippogriffs
  5 dream sheep
  A vampire (D:6)
  A shadow (D:14)
  Sigmund (D:5)
  16 yaks
  4 basilisks
  A wraith (D:10)
  4 wyverns
  A hungry ghost (D:14)
  A golden eye (shapeshifter) (D:14)
  A steam dragon (D:11)
  4 nagas (Lair:3)
  Menkaure (D:6)
  8 water moccasins
  9 porcupines
  7 orc warriors
  2 ice beasts
  A sky beast (D:8)
  3 black bears
  2 necrophages
  3 phantoms
  3 ogres
  2 eyes of draining
  3 centaurs
  6 wolves
  9 crocodiles
  4 big kobolds
  16 bullfrogs
  A scorpion (D:9)
  A water moccasin skeleton (D:8)
  27 killer bees
  9 howler monkeys
  4 wights
  3 electric eels (Lair:4)
  13 crimson imps
  2 bullfrog zombies
  A quasit (D:7)
  7 orc priests
  A bullfrog skeleton (D:7)
  A jelly (D:14)
  5 hounds
  6 orc wizards
  Ijyb (D:5)
  2 hell rats (D:11)
  7 iguanas
  Natasha (twice) (D:4)
  13 worker ants
  2 hound skeletons
  A worker ant zombie (D:5)
  Robin (D:3)
  5 gnolls
  10 adders
  5 shadow imps
  A white imp (D:10)
  An adder skeleton (D:4)
  An adder zombie (D:8)
  4 worms
  A dart slug (D:1)
  7 leopard geckos
  64 orcs
  4 bats
  4 giant cockroaches
  13 goblins
  14 hobgoblins
  8 jackals
  6 quokkas
  2 ball pythons
  7 frilled lizards
  7 kobolds
  3 quokka skeletons
  8 rats
526 creatures vanquished.

Vanquished Creatures (others)
  A centaur zombie (D:14)
  5 yaks (D:14)
  A big kobold (D:14)
  An orc (D:8)
  5 kobolds (D:14)
  9 fungi
22 creatures vanquished.

Grand Total: 548 creatures vanquished

Notes
Turn   | Place    | Note
-------+----------+-------------------------------------------
     0 | D:1      | Eitelfritz the Minotaur Gladiator began the quest for the
                  | Orb.
     0 | D:1      | Reached XP level 1. HP: 18/18 MP: 0/0
   117 | D:1      | Reached skill level 4 in Long Blades
   402 | D:1      | Reached XP level 2. HP: 21/25 MP: 1/1
  1020 | D:2      | Reached XP level 3. HP: 30/30 MP: 2/2
  1305 | D:2      | Reached skill level 1 in Armour
  1387 | D:2      | Found a snail-covered altar of Cheibriados.
  1430 | D:2      | Reached XP level 4. HP: 38/38 MP: 3/3
  1552 | D:3      | Reached skill level 5 in Long Blades
  2173 | D:3      | Noticed Robin
  2184 | D:3      | Killed Robin
  2383 | D:4      | Reached XP level 5. HP: 28/45 MP: 4/4
  2523 | D:4      | Noticed Natasha
  2528 | D:4      | Killed Natasha
  2654 | D:4      | Reached skill level 6 in Long Blades
  2838 | D:4      | Noticed a phantom
  2875 | D:4      | Killed a phantom
  2875 | D:4      | Reached XP level 6. HP: 30/52 MP: 5/5
  3102 | D:4      | Noticed Natasha
  3108 | D:4      | Killed Natasha
  3218 | D:5      | Entered Level 5 of the Dungeon
  3604 | D:5      | Found a staircase to the Ecumenical Temple.
  3619 | D:5      | Found a burning altar of Makhleb.
  3656 | D:5      | Reached XP level 7. HP: 59/59 MP: 6/6
  3666 | D:5      | Reached skill level 7 in Long Blades
  3694 | D:5      | Noticed Ijyb
  3705 | D:5      | Killed Ijyb
  3728 | D:5      | Reached skill level 5 in Armour
  3833 | D:5      | Noticed Sigmund
  3842 | D:5      | Killed Sigmund
  4161 | D:5      | Found a sacrificial altar of Ru.
  4212 | Temple   | Entered the Ecumenical Temple
  4456 | D:6      | Reached skill level 8 in Long Blades
  4515 | D:6      | Found a glowing golden altar of the Shining One.
  4552 | D:6      | Reached XP level 8. HP: 66/67 MP: 7/7
  4572 | D:6      | Found an iron altar of Okawaru.
  4575 | D:6      | You fall into a shaft and drop 2 floors!
  4575 | D:8      | Found a hide-covered altar of Uskayaw.
  4575 | D:8      | Noticed Maggie
  4591 | D:8      | Killed Maggie
  4591 | D:8      | Reached skill level 5 in Fighting
  4591 | D:8      | Reached skill level 9 in Long Blades
  4591 | D:8      | Reached skill level 1 in Stealth
  5029 | D:6      | Found a basalt altar of Yredelemnul.
  5031 | D:6      | Noticed Menkaure
  5033 | D:6      | Found an ancient bone altar of Kikubaaqudgha.
  5055 | D:6      | Found a white marble altar of Elyvilon.
  5138 | D:6      | Found a transporter.
  5138 | D:6      | Noticed Prince Ribbit
  5166 | D:6      | Found a transporter.
  5308 | D:6      | Became a worshipper of Warmaster Okawaru
  5341 | D:6      | Reached skill level 10 in Long Blades
  5818 | D:7      | Reached XP level 9. HP: 71/72 MP: 8/8
  5833 | D:7      | Reached * piety under Okawaru
  6095 | D:7      | Found a shadowy altar of Dithmenos.
  6512 | D:7      | Reached skill level 5 in Dodging
  6569 | D:7      | Reached skill level 11 in Long Blades
  7698 | D:9      | Found an opulent altar of Gozag.
  7785 | D:9      | Reached ** piety under Okawaru
  8182 | D:9      | Found a shimmering blue altar of Sif Muna.
  8286 | D:9      | Found Hiale Tyjal's Assorted Antiques.
  8354 | D:9      | Noticed a troll
  8365 | D:9      | Killed a troll
  8365 | D:9      | Reached XP level 10. HP: 59/86 MP: 9/9
  8632 | D:9      | Found a shattered altar of Ashenzari.
  8747 | D:10     | Entered Level 10 of the Dungeon
  8771 | D:10     | Paralysed by a hornet for 3 turns
  8775 | D:10     | Reached skill level 1 in Invocations
  9211 | D:10     | Reached *** piety under Okawaru
  9211 | D:10     | Reached skill level 12 in Long Blades
  9363 | D:10     | Noticed a two-headed ogre
  9376 | D:10     | Killed a two-headed ogre
  9682 | D:10     | Reached skill level 10 in Armour
 10282 | D:10     | Reached **** piety under Okawaru
 10294 | D:10     | Received a gift from Okawaru
 10484 | D:10     | Noticed a three-headed hydra
 10490 | D:10     | Killed a one-headed hydra
 10490 | D:10     | Reached skill level 13 in Long Blades
 10566 | D:11     | Found a roughly hewn altar of Beogh.
 10800 | D:11     | Found a portal to a secret trove of treasure.
 10890 | D:11     | Noticed a two-headed ogre
 10891 | D:11     | Noticed a death yak
 10911 | D:11     | Killed a two-headed ogre
 10911 | D:11     | Received a gift from Okawaru
 10911 | D:11     | Reached XP level 11. HP: 54/95 MP: 12/12
 10947 | D:11     | Killed a death yak
 10947 | D:11     | Reached ***** piety under Okawaru
 11053 | D:11     | Noticed a death yak
 11307 | D:11     | Noticed a death yak
 11341 | D:11     | Killed a death yak
 11347 | D:11     | Killed a death yak
 11351 | D:11     | Received a gift from Okawaru
 11592 | D:11     | Found a staircase to the Lair.
 11671 | D:11     | Noticed a two-headed ogre
 11687 | D:11     | Killed a two-headed ogre
 11798 | D:11     | Reached skill level 5 in Invocations
 12012 | D:11     | Found Ixkasime's Jewellery Boutique.
 12016 | D:11     | Noticed a white ugly thing
 12026 | D:11     | Killed a white ugly thing
 12853 | D:11     | Found Hinanug's General Store.
 12861 | D:11     | Bought the +2 Maxwell's thermic engine {flame, freeze} for
                  | 704 gold pieces
 12861 | D:11     | Found the +2 Maxwell's thermic engine {flame, freeze}
 13032 | D:11     | Found a staircase to the Orcish Mines.
 13170 | D:12     | Found the ring of Phasing {EV+8}
 13187 | D:12     | Noticed a brown ugly thing
 13200 | D:12     | Killed a brown ugly thing
 13330 | D:12     | Reached skill level 14 in Long Blades
 13482 | D:12     | Found Umeapoxu's Gadget Shop.
 13502 | D:12     | Received a gift from Okawaru
 13951 | D:12     | Noticed a death knight
 13952 | D:12     | Noticed a phantasmal warrior
 13976 | D:12     | Killed a phantasmal warrior
 13976 | D:12     | Reached XP level 12. HP: 64/106 MP: 15/15
 13984 | D:12     | Killed a death knight
 13984 | D:12     | Received a gift from Okawaru
 14275 | D:12     | Reached skill level 10 in Fighting
 14723 | D:6      | Killed Prince Ribbit
 14725 | D:6      | Killed Menkaure
 14743 | D:6      | Got a transparent platinum ring
 14782 | D:6      | Identified the ring "Eranot" {Int+6 SInv} (You found it on
                  | level 6 of the Dungeon)
 14896 | Lair:1   | Entered Level 1 of the Lair of Beasts
 14984 | Lair:1   | Noticed Sonja
 15005 | Lair:1   | Killed Sonja
 15005 | Lair:1   | Reached skill level 15 in Long Blades
 15261 | Lair:1   | Received a gift from Okawaru
 15264 | Lair:1   | Got a pair of faintly humming gloves {god gift}
 15275 | Lair:1   | Identified the +0 pair of gloves of Tempters {rN+} (Okawaru
                  | gifted it to you on level 1 of the Lair of Beasts)
 15793 | Lair:2   | Found a staircase to the Shoals.
 16076 | Lair:2   | Identified the +6 trident of Conflict {holy, rF+ Str+3}
 16079 | Lair:2   | Noticed Reosoewu's ghost (journeyman GrFi)
 16079 | Lair:2   | Identified the +6 trident of Ascent {flame, *Slow rPois rN+
                  | Str+3}
 16085 | Lair:2   | Found a transporter.
 16092 | Lair:2   | Found a bloodstained altar of Trog.
 16098 | Lair:2   | Found a transporter.
 16629 | Lair:3   | Found a staircase to the Snake Pit.
 17749 | Lair:4   | Reached skill level 16 in Long Blades
 17758 | Lair:4   | Reached XP level 13. HP: 111/117 MP: 16/16
 18114 | Lair:4   | Got a fine long sword
 18115 | Lair:4   | Identified the +5 long sword of Certain Death {vorpal, +Fly
                  | Dex+2 Stlth+} (You found it on level 4 of the Lair of
                  | Beasts)
 18801 | Lair:5   | Received a gift from Okawaru
 19669 | Lair:6   | Entered Level 6 of the Lair of Beasts
 19681 | Lair:6   | Found a viscous altar of Jiyva.
 19682 | Lair:6   | Found a staircase to the Slime Pits.
 19787 | Lair:6   | Reached ****** piety under Okawaru
 20380 | Lair:6   | Noticed a dire elephant
 20395 | Lair:6   | Killed a dire elephant
 20395 | Lair:6   | Received a gift from Okawaru
 20443 | Lair:6   | Got a faintly glowing scale mail {god gift}
 20454 | Lair:6   | Identified the +1 scale mail of the Hidden Vale {Dex+2}
                  | (Okawaru gifted it to you on level 6 of the Lair of Beasts)
 20613 | Lair:6   | Reached skill level 17 in Long Blades
 20704 | Lair:6   | Noticed a dire elephant
 20721 | Lair:6   | Killed a dire elephant
 21714 | D:11     | Bought a +1 plate armour of magic resistance for 560 gold
                  | pieces
 21760 | D:11     | Bought an uncursed amulet of reflection for 390 gold pieces
 21919 | D:13     | Found a flagged portal.
 21942 | Bailey   | Entered a bailey
 21976 | Bailey   | Reached skill level 1 in Shields
 21985 | Bailey   | Reached XP level 14. HP: 124/129 MP: 14/17
 22248 | Bailey   | Received a gift from Okawaru
 22868 | D:13     | Noticed Nessos
 22881 | D:13     | Killed Nessos
 23015 | D:13     | Found a gate to the Vaults.
 23613 | D:14     | Received a gift from Okawaru
 23624 | D:14     | Got a faintly glowing cloak {god gift}
 23635 | D:14     | Identified the +1 cloak "Tuosax Noez" {-Tele rF+ MR+ Int+4}
                  | (Okawaru gifted it to you on level 14 of the Dungeon)
 24038 | D:14     | Found Nara's Book Boutique.
 24266 | D:14     | Reached skill level 15 in Armour
 24270 | D:14     | Noticed Jorgrun
 24305 | D:14     | Slain by Jorgrun

Illustrated notes

Levels and vault maps discovered:
D:1:      minmay_arrival_up_and_down, layout_basic, minmay_split_cup_small
D:2:      layout_basic, cheibriados_altar_1
D:3:      layout_rooms, first_ration, uniq_robin
D:4:      layout_loops_ring, minivault_23, uniq_natasha
D:5:      layout_basic, nicolae_overflow_hidden_temple, lemuel_crystal_altar,
          minmay_temple_entry_butterflies, minmay_fractal_squares_diagonal_5,
          uniq_ijyb, uniq_sigmund
D:6:      layout_rooms, tso_altar, kennysheep_mini, gammafunk_temple_of_torment,
          chequers_serial_rivers_micro_d, elyvilon_altar_5, uniq_prince_ribbit1
D:7:      minmay_slanted_spiral_squares, layout_layer_cave,
          nicolae_dithmenos_the_darkroom
D:8:      layout_rooms, eat_drink_and_be_merry_uskayaw, uniq_maggie
D:9:      layout_long_grid, kennysheep_mini_moat, kennysheep_little_box,
          lemuel_crystal_altar, serial_shops, shop
D:10:     layout_basic, hangedman_ranch [blue_anna_fruit_fields],
          minmay_stone_trees_small, chequers_mini_garden, minmay_nine_imps
D:11:     layout_irregular_city, dpeg_lair_monsters, david_orc_4, serial_shops,
          nicolae_shop_crystal, shop_fountains, trove_entry_hex_spiral,
          david_defended_altar_orc
D:12:     layout_cave_pods, serial_shops, shop_statue, fountainhead
D:13:     layout_roguey, david_vaults_4, enter_bailey_3, uniq_nessos
D:14:     layout_basic, minmay_staircase_windowed_small, serial_shops, shop,
          lemuel_flamethrower_2, uniq_jorgrun
Temple:   dpeg_chambers_temple
Lair:1:   layout_gridlike, uniq_sonja
Lair:2:   layout_small_grid, shoals_dummy_entry,
          gammafunk_ghost_wrathful_warriors
Lair:3:   layout_roguey, minmay_snake_entry_guardpost_small, special_room
          [special_room_bee]
Lair:4:   layout_gridlike, minivault_25, nicolae_lair_grove_arrangements,
          st_stairs_5
Lair:5:   layout_concentric_octagons
Lair:6:   hangedman_lair_in_review, layout_small_grid, slime_altar_1,
          chequers_serial_rivers_micro_c

Skill      XL: |  1  2  3  4  5  6  7  8  9 10 11 12 13 14 |
---------------+-------------------------------------------+-----
Long Blades    | 4 5 6 8 10 11 13 14 16 17 | 17.9
Armour         | 1 3 4 5 7 9 10 12 14 15 | 15.0
Fighting       | 3 4 5 7 8 9 11 13 14 | 14.5
Dodging        | 4 5 6 7 |  7.7
Stealth        | 1 2 |  2.3
Invocations    | 3 6 |  6.0
Throwing       | 3 |  3.4
Shields        | 1 4 |  4.4

Action                   |  1- 3 |  4- 6 |  7- 9 | 10-12 | 13-15 || total
-------------------------+-------+-------+-------+-------+-------++-------
Melee: Long sword        |    53 |   177 |   322 |   122 |       ||   674
       Headbutt          |     7 |    31 |    72 |   149 |    90 ||   349
       Falchion          |       |       |       |   277 |       ||   277
       Punch             |       |       |       |     3 |     2 ||     5
       Double sword      |       |       |       |   232 |   424 ||   656
Throw: Boomerang         |       |       |     1 |       |       ||     1
       Javelin           |       |       |       |    10 |     4 ||    14
Invok: Heroism           |       |       |       |     8 |     8 ||    16
       Finesse           |       |       |       |     2 |     1 ||     3
Evoke: Wand              |       |       |       |     1 |       ||     1
  Use: Scroll            |       |    16 |     4 |    10 |    13 ||    43
       Potion            |       |       |     4 |     4 |     3 ||    11
 Stab: Sleeping          |     1 |       |       |       |       ||     1
  Eat: Chunk             |     2 |     7 |     8 |    22 |    19 ||    58
       Ration            |       |       |     2 |     2 |     1 ||     5
Armor: Leather armour    |    13 |       |       |       |       ||    13
       Chain mail        |       |    97 |   281 |   212 |    52 ||   642
       Plate armour      |       |       |       |       |    62 ||    62
Dodge: Dodged            |    56 |    58 |   198 |   309 |   241 ||   862
Block: Buckler           |       |       |       |       |    95 ||    95
       Reflection        |       |       |       |       |     5 ||     5
       Rpst.: Long sword |    20 |    14 |    55 |    12 |       ||   101
       Falchion          |       |       |       |    26 |       ||    26
       Double sword      |       |       |       |    50 |    56 ||   106
